Map: Acolyte LE

Players

Revolution - Winner!

  • Race: Zerg Zerg
  • Spawn Location: 7:00

BackupB (xKawaiian)

  • Race: Terran Terran
  • Spawn Location: 1:00

Event: WCS Montreal 2017

VOD

Have the link to the VOD?

Description

Time

  • Played on: Sept. 8, 2017, 1 p.m.
  • Length: 15:21

All games in this series

Show
View Real Time Build Order
Export as new Build Order

Revolution Zerg - Winner!

Build Orders: Hatch First, Muta Ling Bane 

Get SALT Encoding   

  12  0:00  Drone  
  13  0:12  Overlord  
  13  0:19  Drone  
  14  0:31  Drone  
  14  0:32  Drone  
  14  0:35  Drone  
  17  0:53  Hatchery  
  17  0:56  Drone  
  17  0:58  Extractor  
  17  1:01  Drone  
  17  1:17  Spawning Pool  
  16  1:19  Drone  
  16  1:23  Drone  
  18  1:28  Drone  
  19  1:38  Overlord  
  19  1:51  Drone  
  20  2:05  Queen x2  
  20  2:06  Metabolic Boost  
  24  2:09  Zergling x2  
  24  2:12  Zergling x2  
  26  2:19  Drone x2  
  28  2:24  Drone  
  29  2:36  Drone x2  
  31  2:41  Queen  
  33  2:55  Hatchery  
  33  2:56  Overlord  
  32  3:03  Drone x4  
  36  3:19  Overlord  
  35  3:20  Queen  
  35  3:21  Drone x3  
  40  3:30  Overlord  
  40  3:35  Drone x2  
  40  3:36  Drone  
  40  3:38  Drone x2  
  45  3:46  Overlord  
  44  3:59  Queen x2  
  48  4:07  Zergling x8  
  48  4:09  Queen, Evolution Chamber  
  53  4:10  Evolution Chamber  
  53  4:12  Spore Crawler  
  53  4:17  Spore Crawler  
  50  4:20  Baneling Nest  
  50  4:23  Spore Crawler  
  48  4:30  Drone x2  
  48  4:31  Drone x5  
  53  4:34  Drone  
  53  4:37  Drone  
  53  4:38  Drone  
  58  4:39  Drone  
  58  4:43  Zerg Melee Weapons Level 1  
  58  4:55  Drone  
  59  5:06  Drone  
  59  5:07  Drone x9  
  68  5:13  Zerg Ground Armor Level 1  
  69  5:21  Drone  
  69  5:22  Extractor, Drone x4  
  69  5:23  Extractor  
  69  5:24  Overlord x2  
  69  5:25  Overlord  
  72  5:35  Zergling x2  
  73  5:39  Extractor  
  73  5:40  Extractor  
  71  5:47  Lair  
  71  5:50  Hatchery  
  71  5:52  Baneling x2  
  71  5:53  Zergling x22  
  71  5:54  Zergling x2  
  82  6:06  Drone x2  
  82  6:07  Drone  
  85  6:14  Baneling x7  
  85  6:15  Zergling x6  
  85  6:18  Overlord x3  
  88  6:21  Baneling x4  
  88  6:36  Queen  
  90  6:40  Baneling x7  
  90  6:53  Centrifical Hooks  
  89  6:54  Zergling x2  
  89  6:55  Zergling x28  
  89  6:57  Baneling  
  89  6:58  Baneling x6  
  94  7:10  Zergling x2  
  94  7:11  Zergling x14  
  83  7:32  Zergling x2  
  83  7:33  Zergling x22  
  83  7:34  Zerg Ground Armor Level 2, Zerg Melee Weapons Level 2  
  94  7:47  Queen  
  94  7:48  Drone x3  
  94  7:49  Drone  
  100  7:52  Hatchery  
  92  8:05  Drone  
  92  8:06  Spire, Extractor, Drone x3  
  94  8:16  Drone x4  
  98  8:33  Baneling x5  
  98  8:34  Baneling x2  
  97  8:37  Zergling x2  
  97  8:38  Zergling x40  
  115  8:59  Overlord x4  
  115  9:09  Hatchery  
  107  9:17  Queen  
  107  9:19  Drone x4  
  111  9:24  Mutalisk  
  111  9:25  Mutalisk x11  
  111  9:26  Spore Crawler  
  111  9:29  Baneling x5  
  134  9:47  Overlord x3  
  134  9:59  Zerg Flyer Weapons Level 1  
  134  10:04  Drone x8  
  134  10:05  Drone  
  143  10:12  Mutalisk x6  
  155  10:17  Pneumatized Carapace  
  155  10:18  Overseer  
  155  10:20  Overseer  
  155  10:32  Mutalisk x2  
  159  10:38  Baneling x3  
  159  10:39  Zergling x22  
  159  10:40  Zergling x6  
  159  10:41  Overlord  
  173  10:46  Baneling x5  
  173  10:57  Extractor, Drone  
  173  10:58  Extractor  
  173  11:03  Zergling x18  
  181  11:06  Baneling x13  
  175  11:24  Zergling x26  
  169  11:32  Zergling x12  
  161  11:48  Zergling x6  
  161  11:49  Zergling x10  
  161  11:51  Baneling x7  
  161  11:52  Baneling x3  
  169  11:57  Mutalisk x6  
  181  12:05  Infestation Pit  
  175  12:34  Mutalisk x4  
  179  12:37  Zergling x2  
  179  12:38  Zergling x4  
  179  12:43  Overlord x3  
  181  12:46  Hive  
  181  12:47  Hatchery  
  179  13:01  Overlord x3  
  175  13:09  Zergling x2  
  175  13:10  Zergling x36  
  183  14:02  Queen  
  184  14:04  Ultralisk Cavern, Extractor  
  184  14:08  Baneling x10  
  172  14:15  Zergling x2  
  172  14:16  Zergling x36  
  185  14:22  Mutalisk x2  
  168  14:43  Zergling x26  
  148  14:56  Zergling x2  
  148  14:57  Zergling x8  
  137  15:10  Evolution Chamber  
  164  15:20  Hatchery  
Show
View Real Time Build Order
Export as new Build Order

BackupB Terran 

Build Orders: Liberator Opening, Bio Tank 

Get SALT Encoding   

  12  0:01  SCV  
  13  0:13  SCV  
  14  0:17  Supply Depot  
  14  0:25  SCV  
  15  0:39  SCV  
  15  0:40  Barracks  
  16  0:46  Refinery  
  16  0:51  SCV  
  17  1:03  SCV  
  18  1:15  SCV  
  19  1:27  Orbital Command  
  19  1:28  Barracks Reactor  
  19  1:40  Command Center  
  19  1:53  Supply Depot, SCV  
  20  2:04  Marine  
  20  2:05  Marine  
  20  2:08  Factory  
  22  2:10  SCV  
  23  2:22  Marine  
  24  2:23  Marine, SCV, Refinery  
  26  2:35  SCV  
  27  2:40  Marine x2  
  29  2:47  SCV  
  30  2:51  Orbital Command  
  30  2:55  Starport  
  30  2:57  Factory Tech Lab  
  30  2:59  Marine, SCV  
  32  3:11  Marine  
  32  3:12  SCV  
  34  3:15  Liberator  
  34  3:17  Marine  
  34  3:19  SCV  
  36  3:25  Factory Tech Lab  
  36  3:28  Marine  
  36  3:31  SCV x2  
  42  3:36  Barracks  
  42  3:44  Engineering Bay  
  42  3:47  Siege Tank  
  46  3:52  Marine  
  46  3:54  Supply Depot  
  46  4:00  Supply Depot  
  46  4:08  Supply Depot  
  46  4:11  Terran Infantry Weapons Level 1  
  46  4:13  Refinery  
  46  4:15  Starport Reactor  
  46  4:16  Marine, SCV x2  
  49  4:17  Marine  
  49  4:23  Marine  
  51  4:27  Refinery  
  51  4:28  SCV x2  
  53  4:32  Supply Depot  
  53  4:33  Stimpack  
  53  4:38  Marine x2  
  55  4:48  Siege Tank  
  55  4:49  SCV x2  
  55  4:52  Marine  
  61  4:54  Supply Depot  
  61  4:56  Marine x2  
  63  5:01  SCV  
  63  5:06  Barracks  
  64  5:11  Marine  
  64  5:13  Marine  
  67  5:14  Medivac  
  67  5:16  Medivac  
  67  5:17  SCV  
  67  5:18  SCV  
  72  5:26  Siege Tank  
  72  5:28  Marine x2  
  76  5:31  SCV  
  76  5:32  SCV  
  79  5:36  Supply Depot  
  79  5:44  Medivac  
  79  5:45  SCV  
  79  5:46  Medivac  
  79  5:47  SCV  
  85  5:53  Barracks Reactor  
  85  5:58  SCV  
  85  5:59  SCV  
  85  6:01  Siege Tank  
  90  6:07  Supply Depot  
  90  6:09  Marine x2  
  90  6:10  SCV  
  93  6:11  SCV  
  94  6:25  Terran Infantry Armor Level 1  
  94  6:28  Marine x3  
  94  6:32  Barracks  
  97  6:33  Combat Shields  
  97  6:34  Barracks  
  97  6:35  Marine  
  97  6:36  Marine  
  99  6:46  Marine x2  
  101  6:50  Marine  
  101  6:53  Marine  
  101  6:54  Marine  
  98  6:55  Medivac  
  94  7:04  Marine x2  
  94  7:07  Siege Tank  
  94  7:08  Marine  
  88  7:12  Marine  
  88  7:13  Marine  
  91  7:20  Marine  
  91  7:22  Marine x2  
  94  7:29  Marine x2  
  83  7:30  Marine  
  83  7:31  Medivac, Marine  
  83  7:32  Medivac  
  87  7:38  Marine  
  87  7:39  Siege Tank  
  87  7:40  Marine x2  
  93  7:47  Marine x2  
  93  7:48  Marine  
  93  7:49  Marine  
  98  7:59  Marine  
  98  8:01  Medivac x2  
  98  8:02  Marine  
  101  8:06  Marine  
  101  8:09  Barracks Reactor x2  
  101  8:13  Marine  
  101  8:23  Marine x2  
  101  8:25  Marine  
  102  8:27  Marine  
  102  8:35  Supply Depot x2  
  101  8:43  Concussive Shells  
  101  8:44  Command Center  
  101  8:45  Engineering Bay  
  101  8:46  Armory  
  101  8:51  Marine  
  102  8:56  Medivac, Marine x2, Siege Tank  
  102  8:57  Medivac  
  102  9:00  Supply Depot  
  102  9:01  Supply Depot, SCV  
  112  9:03  Marine  
  112  9:07  Marine  
  114  9:15  Marine  
  114  9:16  Marine  
  112  9:18  Marine  
  111  9:26  Medivac  
  111  9:27  Medivac  
  111  9:28  Siege Tank  
  111  9:29  Marine  
  119  9:38  Marine  
  120  9:40  Marine x2  
  120  9:41  Marine  
  120  9:44  SCV  
  124  9:46  Marine  
  125  9:53  SCV  
  125  9:55  Marine  
  125  9:56  Medivac, SCV  
  125  9:57  Orbital Command, Medivac  
  132  10:01  Siege Tank  
  132  10:02  Marine x2  
  132  10:06  Marine  
  138  10:11  Marine  
  138  10:13  Terran Infantry Weapons Level 2  
  139  10:22  Marine  
  139  10:23  Marine  
  139  10:25  SCV x2  
  139  10:26  Medivac  
  145  10:28  Marine  
  145  10:29  Marine x2  
  145  10:35  Supply Depot  
  148  10:36  Supply Depot  
  148  10:38  Marine  
  149  10:48  Liberator  
  149  10:56  Marine x2  
  149  10:57  Siege Tank, Marine x4  
  156  10:58  Marauder  
  156  11:00  Supply Depot  
  156  11:03  Supply Depot  
  162  11:04  Supply Depot  
  162  11:10  Marine  
  164  11:14  Marine  
  164  11:15  Liberator  
  159  11:19  Marauder  
  159  11:21  Marine  
  159  11:23  Marine  
  158  11:26  Marine  
  158  11:29  Siege Tank, Marine  
  158  11:31  Marine  
  166  11:34  Marine x3  
  166  11:39  Marine  
  170  11:41  Marauder  
  170  11:42  Marine  
  150  11:48  Marine  
  150  11:52  SCV  
  150  11:53  Terran Infantry Armor Level 2  
  152  11:57  Marine  
  152  12:01  Siege Tank, Marine x3  
  155  12:02  Marauder  
  155  12:07  Marine  
  162  12:17  Marine x2  
  162  12:20  Command Center, Marine  
  162  12:21  Marine  
  166  12:23  Marauder  
  166  12:28  Marine  
  165  12:30  Marine  
  165  12:32  Marine  
  165  12:37  Marine x2  
  162  12:41  Marine  
  159  12:45  Marauder  
  161  12:54  Marine  
  161  12:55  Marine x3  
  161  12:56  Terran Ship Weapons Level 1  
  161  12:57  Siege Tank, Marine  
  169  13:04  Marine  
  170  13:06  Marauder  
  170  13:08  Marine  
  170  13:09  Medivac  
  169  13:13  Marine  
  169  13:17  Marine  
  168  13:20  Marine x2  
  168  13:23  Marine x3  
  168  13:26  Marine  
  171  13:27  Marine  
  171  13:29  Siege Tank  
  171  13:31  Marine  
  166  13:35  Marine  
  163  13:42  Marine  
  163  13:45  Marauder  
  163  13:47  Marine  
  165  13:54  Marine  
  166  13:57  Marine x5  
  166  14:00  Marine  
  166  14:01  Thor  
  178  14:06  Marine  
  178  14:09  Marine  
  175  14:12  Marine  
  175  14:14  Marine  
  174  14:19  Marine  
  175  14:26  Marine  
  175  14:27  SCV  
  144  14:44  Cyclone  
  144  14:45  Marine x2  
  138  14:46  Marine x3  
  138  14:51  Marine  
  100  15:00  Marine  
  100  15:01  Marine  
  100  15:02  Marine  
  100  15:03  Marine  
  80  15:19  Unknown x2  
  86  15:20  Unknown x6  
Tags
 
Add a new tag
Caveats
  • Supply blocks, unpowered buildings, or Contaminate may cause inaccurate times.
  • Supply counts are checked every 10 seconds.